 Dungeon Crawl Stone Soup version 0.29-a0-575-g0dc89cf053 (console) character file.

Game seed: 5648843351117035712

436744 jejorda2 the Phalangite (level 24, -16/209 HPs)
             Began as a Merfolk Berserker on June 12, 2022.
             Was the Champion of Trog.
             Killed from afar by a deep elf high priest (24 damage)
             ... with damnation
             ... on level 5 of the Vaults on June 13, 2022.
             The game lasted 03:26:29 (60948 turns).

jejorda2 the Phalangite (Merfolk Berserker)        Turns: 60948, Time: 03:26:30

Health: -16/209    AC: 54    Str: 28    XL:     24   Next: 2%
Magic:  23/23      EV: 21    Int:  9    God:    Trog [******]
Gold:   3715       SH:  0    Dex: 23    Spells: 23/23 levels left

rFire   + . .      SeeInvis +   a - +6 bardiche {flame, +Blink rPois Str+2 Stlth+}
rCold   + . .      Faith    +   (shield currently unavailable)
rNeg    . . .      Spirit   .   m - +9 scales of the Dragon King {rPois rF+ rC+ Will+}
rPois   +          Reflect  .   l - +2 helmet {SInv}
rElec   +          Harm     .   K - +2 cloak
rCorr   .          Rampage  .   D - +2 pair of gloves
Will    ++...                   h - +2 pair of boots of Squeaky Beauty {+Inv Dex+4}
Stlth   ..........              I - amulet of faith
HPRegen 0.44/turn               V - ring of the Tortoise {AC+8}
MPRegen 0.18/turn               Y - ring "Zeased" {rElec Dex+6 Slay+2}

@: on berserk cooldown, slowed, studying Dodging, very slow
A: (nimble swimmer 2), mertail
}: 2/15 runes: barnacled, gossamer
a: Renounce Religion, Evoke Blink, Evoke Invisibility, Berserk, Trog's Hand,
Brothers in Arms


You were on level 5 of the Vaults.
You worshipped Trog.
Trog was exalted by your worship.
You visited 7 branches of the dungeon, and saw 39 of its levels.
You visited the Abyss 2 times.
You also visited: Bailey, Ice Cave and Volcano.

You collected 6961 gold pieces.
You spent 3246 gold pieces at shops.

Inventory:

Hand Weapons
 a - the +6 bardiche of the Shining Light (weapon) {flame, +Blink rPois Str+2 Stlth+}
   (Trog gifted it to you on level 14 of the Dungeon)

   It burns those it strikes, dealing additional fire damage.
   Big, fiery blades are also staple armaments of hydra-hunters.
   Str:       It affects your strength (+2).
   rPois:     It protects you from poison.
   +Blink:    It lets you blink.
   Stlth:     It makes you more stealthy.
 b - a +4 antimagic bardiche
Missiles
 c - 10 boomerangs of dispersal
 i - 38 boomerangs
 o - 10 throwing nets
 C - 41 poisoned darts
 G - 10 javelins
 L - 20 atropa-tipped darts
 N - 9 curare-tipped darts
 T - 6 silver javelins (quivered)
Armour
 h - the +2 pair of boots of Squeaky Beauty (worn) {+Inv Dex+4}
   (You bought it in a shop on level 8 of the Dungeon)

   Dex:       It affects your dexterity (+4).
   +Inv:      It lets you turn invisible.
 l - a +2 helmet of see invisible (worn)
 m - the +9 scales of the Dragon King (worn) {rPois rF+ rC+ Will+}
   (You found it on level 5 of the Vaults)

   rF:        It protects you from fire.
   rC:        It protects you from cold.
   rPois:     It protects you from poison.
   Will:      It increases your willpower.
 D - a +2 pair of gloves (worn)
 K - a +2 cloak (worn)
Jewellery
 g - the ring of Lauloif {Drain rCorr Str+7 Int+5}
   (You took it off a vault guard on level 5 of the Vaults)

   [ring of resist corrosion]

   Str:       It affects your strength (+7).
   Int:       It affects your intelligence (+5).
   rCorr:     It protects you from acid and corrosion.
   Drain:     It drains your maximum health when unequipped.
 I - an amulet of faith (around neck)
 J - a ring of flight
 R - a ring of positive energy
 S - a ring of poison resistance
 V - the ring of the Tortoise (left hand) {AC+8}
   (You found it on level 12 of the Dungeon)

   [ring of protection]

   AC:        It affects your AC (+8).
 Y - the ring "Zeased" (right hand) {rElec Dex+6 Slay+2}
   (You took it off a deep elf elementalist on level 3 of the Elven Halls)

   [ring of dexterity]

   Dex:       It affects your dexterity (+6).
   Slay:      It affects your accuracy & damage with ranged weapons and melee
   (+2).
   rElec:     It insulates you from electricity.
Wands
 n - a wand of charming (28)
 p - a wand of mindburst (27)
 q - a wand of iceblast (7)
 u - a wand of flame (48)
 x - a wand of paralysis (8)
 y - a wand of acid (16)
 U - a wand of polymorph (20)
 Z - a wand of digging (6)
Scrolls
 d - 3 scrolls of silence
 j - 12 scrolls of teleportation
 s - 9 scrolls of fear
 w - a scroll of enchant weapon
 A - a scroll of enchant armour
 E - 5 scrolls of poison
 H - a scroll of fog
 O - 5 scrolls of blinking
 P - 7 scrolls of magic mapping
Potions
 e - 2 potions of flight
 k - 14 potions of curing
 r - 3 potions of invisibility
 t - 3 potions of cancellation
 v - 6 potions of ambrosia
 B - 7 potions of might
 F - 5 potions of resistance
 M - 10 potions of mutation
 Q - 5 potions of haste
Miscellaneous
 f - a lightning rod (4/4)
 z - a tin of tremorstones (2/2)
 X - a phial of floods


   Skills:
 * Level 21.6 Fighting
 + Level 26.7 Polearms
 - Level 16.0 Throwing
 - Level 19.0 Armour
 + Level 23.4 Dodging
 - Level 4.0 Stealth
 - Level 9.0 Evocations


You had 23 spell levels left.
You didn't know any spells.
Your spell library was empty.

Dungeon Overview and Level Annotations

Branches:
Dungeon (15/15)            Temple (0/1) D:4            Lair (6/6) D:8
 Shoals (4/4) Lair:2       Spider (4/4) Lair:3        Slime (0/5) Lair:5
    Orc (2/2) D:11            Elf (3/3) Orc:2        Vaults (5/5) D:14
  Crypt (0/3) Vaults:2     Depths (0/4) D:15         Bailey (visited)
  IceCv (visited)         Volcano (visited)

Altars:
Ashenzari
Cheibriados
Hepliaklqana
Kikubaaqudgha
Okawaru
Qazlal
Ru
Sif Muna
Trog
Uskayaw
Xom
The Shining One
Beogh
Jiyva

Shops:
D:4 :   D:7 *   D:8 [   Orc:2 !(([   Elf:1 [   Elf:2 :   Elf:3 *   Vaults:2 =

Annotations:
Lair:6 1 runed translucent door, Kazon's ghost, journeyman DsGl
Shoals:4 1 runed translucent door, Pooter's ghost, adept MiBe
Orc:1 3 runed translucent doors, gebbletook2's ghost, journeyman VSFi


Innate Abilities, Weirdness & Mutations

((You are very nimble when in or above water. (Stealth+, EV+, Speed+++)))
Your lower body shifts to a powerful aquatic tail in water.


Message History

Unknown command.
Reach: a) +6 bardiche {flame, +Blink rPois Str+2 Stlth+}
Press: ? - help, Dir - move target, f - shadow dragon, p - yaktaur captain
Aim: a shadow dragon (severely wounded, not watching you, ally target, about 22% to evade the +6 bardiche of the Shining Light)
You reach to attack!
You slash the shadow dragon! You burn the shadow dragon.
The shadow dragon is almost dead.
Your stone giant hits the shadow dragon!!
The shadow dragon dies!
Trog accepts your kill.
Your stone giant barely misses the storm dragon.
Unknown command.
Reach: a) +6 bardiche {flame, +Blink rPois Str+2 Stlth+}
Press: ? - help, Dir - move target, f - storm dragon
Aim: a storm dragon (heavily wounded, ally target, about 22% to evade the +6 bardiche of the Shining Light)
You reach to attack!
You slice the storm dragon!! You burn the storm dragon.
The storm dragon is almost dead.
Your stone giant barely misses the storm dragon.
The storm dragon barely misses you. The storm dragon claws you.
* * * LOW HITPOINT WARNING * * *
The storm dragon misses you.
Unknown command.
You slash the storm dragon! You burn the storm dragon.
The storm dragon is almost dead.
Your stone giant hits the storm dragon but does no damage.
The storm dragon misses you.
The storm dragon claws you but does no damage.
The storm dragon tramples you but does no damage.
You slice the storm dragon!! You burn the storm dragon.
You kill the storm dragon!
Trog accepts your kill.
Your stone giant hits the stone giant!!!
The stone giant hits your stone giant.
The yaktaur captain shoots a bolt.
The bolt hits you!
* * * LOW HITPOINT WARNING * * *
Your stone giant hits the stone giant!
The stone giant dies!
Trog accepts your kill.
The deep elf high priest invokes the aid of its god against you.
The sphere of damnation explodes!
The damnation engulfs you!!
You die...

.. .. .#.#.# .#.#.#.#.
..#...#...#...#...#...##
.#.#.#.#.#.#.#.#.#.#.#.#....
#..c#...#...#...#...#..#....
#.#.#.#.#.#.#.#)#.#.#.#....
#...#...#...#...#...##....
#.#e#.#[#.#.#.#.#.#.#....
#Cc.#).@#...#...#..#....
#.#)#c#.#.#.#.#.#.#.#....
..#(eC#...#...#.........
###################......
.......... ...........
###########


You could see a yaktaur captain, a deep elf high priest (ally target) and a
friendly stone giant (summoned, berserk, drained).

Vanquished Creatures
  Saint Roka (Orc:2)
  A bone dragon (Abyss:3)
  A golden dragon (Vaults:5)
  5 tentacled monstrosities (Vaults:5)
  A quicksilver dragon (Vaults:5)
  Asterion (Spider:1)
  2 liches
  Zenata (Vaults:4)
  2 deep elf blademasters
  3 deep elf master archers (Elf:3)
  3 sphinxes
  5 titans
  3 tentacled starspawn (Abyss:3)
  Gastronok (D:8)
  2 tengu reavers
  Donald (Vaults:1)
  3 storm dragons (Vaults:5)
  A shadow dragon (Vaults:5)
  3 frost giants
  A fire giant (Vaults:5)
  17 vault wardens
  Ilsuiw (Shoals:1)
  Aizul (Vaults:4)
  9 deep elf sorcerers
  A ghost moth (Spider:4)
  3 deep elf elementalists (Elf:3)
  Louise (D:14)
  9 very ugly things
  An angel (Abyss:3)
  2 orc warlords
  3 stone giants
  4 war gargoyles
  14 ironbound preservers
  10 ironbound thunderhulks
  A vampire knight (Vaults:2)
  4 entropy weavers
  6 deep elf demonologists
  Nessos (D:14)
  8 deep elf annihilators (Elf:3)
  7 dire elephants
  4 spark wasps
  2 eidola
  6 ettins
  3 deep elf high priests (Elf:3)
  11 merfolk impalers
  7 deep elf death magi
  5 great orbs of eyes
  5 merfolk javelineers
  A blizzard demon (Abyss:3)
  8 yaktaur captains
  A great orb of eyes (shapeshifter) (Abyss:3)
  4 merfolk avatars
  A peacekeeper (Vaults:3)
  11 hydras
  A jorogumo (Spider:3)
  4 boulder beetles
  10 centaur warriors
  4 two-headed ogres
  32 vault guards
  2 merfolk aquamancers (Shoals:4)
  4 catoblepae
  3 satyrs
  21 dancing weapons
  A radroach (Spider:3)
  A deep troll shaman (Lair:6)
  2 ogre magi
  11 ironbound frosthearts
  3 tengu warriors
  10 death yaks
  2 orc high priests
  2 deep troll earth magi
  2 vampire magi
  3 thrashing horrors (Abyss:3)
  A soul eater (Vaults:2)
  Nergalle (Lair:3)
  A storm dragon zombie (D:15)
  A shadow wraith (Abyss:3)
  17 deep elf knights
  2 wretched stars (Abyss:3)
  5 hell knights (Vaults:5)
  A sea snake (shapeshifter) (Elf:3)
  A fire crab (shapeshifter) (D:14)
  2 skeletal warriors (D:15)
  4 pharaoh ants
  8 orb spiders
  16 sea snakes
  39 deep trolls
  A spatial maelstrom (Abyss:3)
  5 steelbarb worms
  4 sun moths
  12 deep elf archers
  4 lindwurms
  A glowing orange brain (Vaults:1)
  An orb spider (shapeshifter) (Vaults:5)
  Pikel (D:6)
  24 harpies
  15 ironbound convokers
  An obsidian statue (Vaults:2)
  3 necromancers
  6 wizards
  2 phantasmal warriors
  9 orc knights
  47 deep elf pyromancers
  15 deep elf zephyrmancers
  An orc sorcerer (D:15)
  34 ugly things
  6 cyclopes
  16 wolf spiders
  16 manticores
  A salamander (shapeshifter) (D:15)
  2 moths of wrath
  5 fauns
  9 merfolk sirens
  A stone giant skeleton (Vaults:1)
  3 elephants (Lair:6)
  11 vault sentinels
  5 centaur zombies (D:10)
  2 torpor snails
  9 water nymphs
  4 black mambas
  13 cane toads
  2 gargoyles
  3 ice statues (IceCv)
  10 komodo dragons
  2 yaktaur zombies (Vaults:1)
  3 unseen horrors
  2 spriggan zombies (D:15)
  2 kobold demonologists
  An unseen horror (shapeshifter) (Abyss:3)
  An anaconda simulacrum (IceCv)
  30 yaktaurs
  3 rime drakes
  2 tengu conjurers
  4 demonic crawlers (Spider:1)
  A burning bush (Lair:4)
  An efreet (D:15)
  A freezing wraith (D:12)
  2 ice devils (Lair:3)
  2 polar bears
  5 meliai
  14 trolls
  An ancient zyme (Abyss:3)
  32 merfolk
  16 tarantellas
  8 wind drakes
  2 hornets
  3 raiju (Abyss:3)
  7 dream sheep (Lair:4)
  7 snapping turtles
  A tarantella (shapeshifter) (Vaults:5)
  36 slime creatures
  Prince Ribbit (Lair:1)
  23 blink frogs
  2 ettin zombies (Vaults:1)
  6 air elementals
  16 culicivoras
  3 shadows
  Sigmund (D:3)
  8 small abominations (Abyss:3)
  17 jumping spiders
  An ettin skeleton (D:15)
  60 yaks
  A dire elephant simulacrum (IceCv)
  A vampire (Abyss:3)
  3 water elementals
  5 wyverns
  3 basilisks
  7 fire elementals
  A wraith (D:11)
  5 fire bats (Lair:1)
  4 humans (D:14)
  5 chaos spawn (Abyss:3)
  46 redbacks
  3 steam dragons
  12 vampire mosquitoes
  2 neqoxecs (Abyss:3)
  8 wargs
  A spatial vortex (Abyss:3)
  4 acid dragons
  7 large abominations (Abyss:3)
  14 water moccasins
  5 hell hounds (Volcano)
  A sky beast (shapeshifter) (Abyss:3)
  An ice beast (shapeshifter) (Abyss:3)
  4 ice beasts
  3 black bears
  45 orc warriors
  3 boggarts (shapeshifter) (Abyss:3)
  50 wolves
  8 ogres
  A centaur (shapeshifter) (Abyss:3)
  2 centaurs
  2 phantoms (D:5)
  A human skeleton (Vaults:1)
  16 bullfrogs
  A bullfrog (shapeshifter) (Abyss:3)
  3 necrophages
  8 gnoll sergeants (Bailey)
  A scorpion (D:5)
  A cane toad simulacrum (IceCv)
  7 wights
  3 human simulacra (Vaults:1)
  4 electric eels
  10 crimson imps
  A howler monkey (D:8)
  A human zombie (D:10)
  12 hounds
  Crazy Yiuf (D:3)
  9 gnoll shamans
  29 orc priests
  6 iron imps (Abyss:3)
  3 jellies
  Terence (D:3)
  Natasha (D:3)
  An iguana (D:5)
  35 orc wizards
  2 polar bear simulacra (IceCv)
  2 wolf simulacra (IceCv)
  3 mummies (D:10)
  Robin (D:2)
  2 adders (shapeshifter) (Abyss:3)
  30 gnolls
  7 adders
  2 shadow imps (Abyss:3)
  9 white imps
  2 ufetubi (D:4)
  A dart slug (shapeshifter) (Abyss:3)
  2 dart slugs (D:2)
  2 orcs (shapeshifter) (Abyss:3)
  111 orcs
  3 bats
  7 endoplasms
  2 giant cockroaches
  16 goblins
  8 hobgoblins
  11 jackals
  3 quokkas
  7 ball pythons
  2 bats (shapeshifter) (Abyss:3)
  3 frilled lizards
  9 kobolds
  4 rats
  2 lurking horrors (Abyss:3)
  3 starspawn tentacles (Abyss:3)
1729 creatures vanquished.

Vanquished Creatures (collateral kills)
  Nikola (Shoals:1)
  Rupert (D:14)
  A quicksilver dragon (Vaults:5)
  An Executioner (Abyss:3)
  A sphinx (Vaults:5)
  2 shadow dragons (Vaults:5)
  2 emperor scorpions (Spider:4)
  2 ghost moths (Spider:4)
  A vault warden (Vaults:5)
  A stone giant (Vaults:5)
  3 vault guards (Vaults:5)
  A death yak (Lair:4)
  An orc knight (Vaults:5)
  5 ugly things
  2 fauns (Shoals:4)
  A wind drake (Shoals:4)
  3 hornets (Spider:4)
  10 yaks
  12 humans (D:14)
  A large abomination (Abyss:3)
52 creatures vanquished.

Vanquished Creatures (others)
  A merfolk javelineer (Shoals:1)
  2 harpies
  A deep elf pyromancer (Elf:1)
  24 fungi
  67 plants
  10 starspawn tentacles (Abyss:3)
  10 withered plants
115 creatures vanquished.

Grand Total: 1896 creatures vanquished

Notes
Turn   | Place    | Note
-------+----------+-------------------------------------------
     0 | D:1      | jejorda2 the Merfolk Berserker began the quest for the Orb.
     0 | D:1      | Reached XP level 1. HP: 18/18 MP: 1/1
    87 | D:1      | Reached XP level 2. HP: 24/24 MP: 2/2
   746 | D:1      | Reached skill level 5 in Polearms
   979 | D:2      | Reached XP level 3. HP: 29/29 MP: 3/3
  1000 | D:2      | Noticed Robin
  1011 | D:2      | Killed Robin
  1167 | D:2      | Found a faded altar of an unknown god.
  1413 | D:2      | Reached XP level 4. HP: 31/35 MP: 4/4
  1660 | D:2      | Reached ** piety under Trog
  1732 | D:2      | Reached skill level 6 in Polearms
  2055 | D:3      | Noticed Terence
  2059 | D:3      | Killed Terence
  2060 | D:3      | Reached XP level 5. HP: 41/41 MP: 5/5
  2114 | D:3      | Reached skill level 7 in Polearms
  2231 | D:3      | Noticed Natasha
  2255 | D:3      | Killed Natasha
  2547 | D:3      | Reached XP level 6. HP: 47/47 MP: 6/6
  2599 | D:3      | Noticed Sigmund
  2610 | D:3      | Killed Sigmund
  2611 | D:3      | Reached skill level 8 in Polearms
  2804 | D:3      | Found a runed translucent door.
  2806 | D:3      | Identified the +2 mace "Dase" {vamp, rElec rF+}
  2809 | D:3      | Identified the +9 mace "Yxyempot" {venom, Will- Int+5}
  2811 | D:3      | Noticed Crazy Yiuf
  2812 | D:3      | Identified the +7 mace of Dismemberment {spect, Str+2}
  2814 | D:3      | Identified the +7 mace of Slow Death {vorpal, +Blink Dex+3}
  2839 | D:3      | Killed Crazy Yiuf
  2960 | D:4      | Found Josautan's Book Shoppe.
  3012 | D:4      | Reached XP level 7. HP: 51/52 MP: 7/7
  3084 | D:4      | Found a staircase to the Ecumenical Temple.
  3122 | D:4      | Reached skill level 9 in Polearms
  4111 | D:5      | Entered Level 5 of the Dungeon
  4165 | D:5      | Found a shimmering blue altar of Sif Muna.
  4215 | D:5      | Reached skill level 10 in Polearms
  4215 | D:5      | Reached XP level 8. HP: 50/58 MP: 8/8
  4682 | D:5      | Reached skill level 11 in Polearms
  4683 | D:5      | Found a glowing golden altar of the Shining One.
  4911 | D:5      | Reached *** piety under Trog
  5072 | D:5      | Found a bloodstained altar of Trog.
  5078 | D:5      | Found a sacrificial altar of Ru.
  5083 | D:5      | Found a stormy altar of Qazlal.
  5418 | D:6      | Reached skill level 12 in Polearms
  5454 | D:6      | Noticed Pikel
  5468 | D:6      | Reached skill level 5 in Armour
  5468 | D:6      | Reached XP level 9. HP: 65/65 MP: 9/9
  5474 | D:6      | Killed Pikel
  5475 | D:6      | Reached skill level 13 in Polearms
  6869 | D:7      | Reached skill level 5 in Fighting
  7047 | D:7      | Found a broken altar of Ashenzari.
  7445 | D:7      | Found Lukk's Wicked Wares.
  7697 | D:7      | Reached skill level 14 in Polearms
  7990 | D:8      | Found a hide-covered altar of Uskayaw.
  8089 | D:8      | Reached XP level 10. HP: 75/75 MP: 10/10
  8318 | D:8      | Reached skill level 1 in Evocations
  8412 | D:8      | Found a staircase to the Lair.
  8498 | D:8      | Found Roarph's Armour Boutique.
  8510 | D:8      | Bought a +0 helmet of see invisible for 172 gold pieces
  8554 | D:8      | Reached skill level 15 in Polearms
  8759 | D:8      | Noticed Gastronok
  8773 | D:8      | Killed Gastronok
  8848 | D:8      | Reached skill level 16 in Polearms
  9209 | D:9      | Reached **** piety under Trog
  9284 | D:9      | Found an iron altar of Okawaru.
  9309 | D:9      | Found a flagged portal.
  9322 | Bailey   | Entered a bailey
  9605 | Bailey   | Reached XP level 11. HP: 33/81 MP: 11/11
  9783 | Bailey   | Reached skill level 17 in Polearms
 10197 | Bailey   | Reached skill level 5 in Evocations
 11133 | D:9      | Identified the amulet "Ithriwewn" {Reflect rC+ Will+ Str+4
                  | Dex+2 SH+5}
 11462 | D:10     | Entered Level 10 of the Dungeon
 11585 | D:10     | Found a snail-covered altar of Cheibriados.
 11700 | D:10     | Reached skill level 18 in Polearms
 11944 | D:10     | Found an ancient bone altar of Kikubaaqudgha.
 11996 | D:10     | Reached ***** piety under Trog
 12023 | D:10     | Reached skill level 19 in Polearms
 12523 | D:11     | Found a staircase to the Orcish Mines.
 12788 | D:11     | Reached XP level 12. HP: 76/88 MP: 12/12
 12815 | D:11     | Identified the +4 whip "Zastuej" {vorpal, *Corrode +Blink
                  | rC- Dex+9}
 13060 | D:11     | Noticed a two-headed ogre
 13067 | D:11     | Killed a two-headed ogre
 13068 | D:11     | Reached skill level 20 in Polearms
 13153 | D:11     | Noticed a two-headed ogre
 13162 | D:11     | Killed a two-headed ogre
 13436 | Lair:1   | Entered Level 1 of the Lair of Beasts
 13697 | Lair:1   | Received a gift from Trog
 13835 | Lair:1   | Noticed Prince Ribbit
 13842 | Lair:1   | Killed Prince Ribbit
 15084 | Lair:2   | Found a staircase to the Shoals.
 15239 | Lair:2   | Noticed an eight-headed hydra
 15248 | Lair:2   | Killed a four-headed hydra
 15249 | Lair:2   | Reached skill level 10 in Armour
 15249 | Lair:2   | Reached XP level 13. HP: 64/93 MP: 13/13
 16587 | Lair:3   | Found a hole to the Spider Nest.
 16632 | Lair:3   | Identified a scroll of acquirement
 16632 | Lair:3   | Acquired a manual of Polearms
 16717 | Lair:3   | Found a frozen archway.
 16734 | IceCv    | Entered an ice cave
 17293 | Lair:3   | Reached skill level 21 in Polearms
 17482 | Lair:3   | Noticed Nergalle
 17496 | Lair:3   | Killed Nergalle
 18254 | Lair:4   | Reached skill level 22 in Polearms
 18306 | Lair:4   | Found a glowing golden altar of the Shining One.
 18357 | Lair:4   | Reached XP level 14. HP: 76/106 MP: 14/14
 18497 | Lair:4   | Received a gift from Trog
 18519 | Lair:4   | Reached skill level 23 in Polearms
 19501 | Lair:5   | Found a viscous altar of Jiyva.
 19501 | Lair:5   | Found a staircase to the Slime Pits.
 19515 | Lair:5   | Reached skill level 24 in Polearms
 20100 | Lair:6   | Entered Level 6 of the Lair of Beasts
 20161 | Lair:6   | Reached skill level 10 in Fighting
 20350 | Lair:6   | Found a runed translucent door.
 20351 | Lair:6   | Noticed Kazon's ghost (journeyman DsGl)
 20376 | Lair:6   | Reached ****** piety under Trog
 20987 | Lair:6   | Reached skill level 5 in Dodging
 21043 | Lair:6   | Reached XP level 15. HP: 115/115 MP: 15/15
 21150 | Lair:6   | Acquired 461 gold pieces
 22450 | D:12     | Found the ring of the Tortoise {AC+8}
 22939 | D:13     | Identified the ring "Lamoh" {rC- EV+4 Str+5}
 23748 | D:14     | Noticed Rupert
 23748 | D:14     | Found a gate to the Vaults.
 23884 | D:14     | Noticed Nessos
 23895 | D:14     | Reached skill level 1 in Throwing
 23931 | D:14     | Noticed Louise
 23941 | D:14     | Killed Rupert
 23976 | D:14     | Killed Nessos
 23976 | D:14     | Identified the +6 bardiche of the Shining Light {flame,
                  | +Blink rPois Str+2 Stlth+} (Trog gifted it to you on level
                  | 14 of the Dungeon)
 23976 | D:14     | Received a gift from Trog
 23979 | D:14     | Killed Louise
 25126 | D:15     | Entered Level 15 of the Dungeon
 25151 | D:15     | Reached XP level 16. HP: 125/125 MP: 16/16
 25251 | D:15     | Reached skill level 5 in Throwing
 25274 | D:15     | Found a staircase to the Depths.
 25549 | D:15     | Identified the +7 halberd "Yviacin" {vorpal, Dex+8} (Trog
                  | gifted it to you on level 15 of the Dungeon)
 25549 | D:15     | Received a gift from Trog
 26104 | D:15     | Found a faded altar of an unknown god.
 26104 | D:15     | Found a faded altar of an unknown god.
 26106 | D:15     | Found a hazy altar of Hepliaklqana.
 26106 | D:15     | Found a faded altar of an unknown god.
 26374 | Orc:1    | Entered Level 1 of the Orcish Mines
 26634 | Orc:1    | Found a runed translucent gate.
 26634 | Orc:1    | Found a runed translucent gate.
 26635 | Orc:1    | Noticed gebbletook2's ghost (journeyman VSFi)
 26636 | Orc:1    | Found a runed translucent gate.
 27271 | Orc:2    | Entered Level 2 of the Orcish Mines
 27368 | Orc:2    | Received a gift from Trog
 27372 | Orc:2    | Found a staircase to the Elven Halls.
 27394 | Orc:2    | Found a dark tunnel.
 27442 | Volcano  | Entered a volcano
 28155 | Orc:2    | Found Wixot's Antique Weapon Shop.
 28296 | Orc:2    | Found Orathymn's Distillery.
 28385 | Orc:2    | Bought a potion of heal wounds for 60 gold pieces
 28504 | Orc:2    | Received a gift from Trog
 28888 | Orc:2    | Noticed Saint Roka
 28917 | Orc:2    | Killed Saint Roka
 29197 | Orc:2    | Found Ycemuedi's Antique Weapon Shop.
 29208 | Orc:2    | Found Zajixzaph's Antique Armour Boutique.
 29229 | Orc:2    | Bought a smouldering trident for 221 gold pieces
 29229 | Orc:2    | Identified the +3 trident of the Final Mice {drain, Str+6
                  | Dex+6} (You bought it in a shop on level 2 of the Orcish
                  | Mines)
 29390 | D:8      | Bought the +2 pair of boots of Squeaky Beauty {+Inv Dex+4}
                  | for 553 gold pieces
 29482 | Spider:1 | Entered Level 1 of the Spider Nest
 29639 | Spider:1 | Acquired a manual of Armour
 29923 | Spider:1 | Noticed Asterion
 29936 | Spider:1 | Killed Asterion
 30480 | Spider:1 | Received a gift from Trog
 30545 | Spider:1 | Reached XP level 17. HP: 136/136 MP: 17/17
 32106 | Spider:2 | You fall into a shaft and drop 1 floor!
 32218 | Spider:3 | Reached skill level 10 in Throwing
 32491 | Spider:3 | Received a gift from Trog
 33433 | Spider:2 | Identified the +1 robe of Fore {Drain rF++ rCorr MP-9}
 33571 | Spider:4 | Entered Level 4 of the Spider Nest
 34020 | Spider:4 | Identified the +5 ring mail "Cuiqek" {+Blink}
 34106 | Spider:4 | Identified the +7 dagger of Yratul {spect, *Slow rElec rN++
                  | Will+}
 35464 | Spider:4 | Got a gossamer rune of Zot
 35633 | Shoals:1 | Entered Level 1 of the Shoals
 35699 | Shoals:1 | Noticed Nikola
 35729 | Shoals:1 | Killed Nikola
 36500 | Shoals:1 | Reached XP level 18. HP: 107/146 MP: 18/18
 36626 | Shoals:1 | Received a gift from Trog
 37122 | Shoals:2 | Noticed Ilsuiw
 37310 | Shoals:1 | Killed Ilsuiw
 37421 | Shoals:2 | Reached skill level 15 in Armour
 38906 | Shoals:3 | Received a gift from Trog
 40257 | Shoals:4 | Entered Level 4 of the Shoals
 40282 | Shoals:4 | Found a runed translucent door.
 40283 | Shoals:4 | Found a shimmering altar of Xom.
 40283 | Shoals:4 | Noticed Pooter's ghost (adept MiBe)
 40492 | Shoals:4 | Reached skill level 15 in Throwing
 40593 | Shoals:4 | Received a gift from Trog
 40684 | Shoals:4 | Found the ring of the Mage {Wiz Archmagi}
 41035 | Shoals:4 | Got a barnacled rune of Zot
 41246 | Shoals:4 | Identified the +8 falchion "Putoih" {pain, Dex+3 Stlth+}
 42034 | Shoals:4 | Reached XP level 19. HP: 152/152 MP: 19/19
 42319 | Elf:1    | Entered Level 1 of the Elven Halls
 42473 | Elf:1    | Received a gift from Trog
 42483 | Elf:1    | Cast into level 3 of the Abyss (+3 long sword of
                  | distortion)
 42494 | Abyss:3  | Found a corrupted altar of Lugonu.
 42675 | Elf:1    | Escaped the Abyss
 43100 | Elf:1    | Found Fuggisuba's Armour Shoppe.
 43768 | Elf:1    | Received a gift from Trog
 44338 | Elf:2    | Identified the +5 scale mail of Noon {Str-4 Int+4 Slay+4}
 44342 | Elf:2    | Paralysed by an air elemental for 1 turns
 44502 | Elf:2    | Reached skill level 15 in Fighting
 44541 | Elf:2    | Paralysed by an air elemental for 1 turns
 44667 | Elf:2    | Found Lietas's Book Shop.
 44753 | Elf:2    | Bought a manual of Armour for 1040 gold pieces
 44832 | Elf:2    | Found a huge runed translucent gate.
 44832 | Elf:2    | Found a huge runed translucent gate.
 44832 | Elf:2    | Found a huge runed translucent gate.
 44832 | Elf:2    | Found a huge runed translucent gate.
 44838 | Elf:2    | Found a huge runed translucent gate.
 44839 | Elf:2    | Identified the +1 morningstar of Ruination {flame, rN++}
 44986 | Elf:2    | Received a gift from Trog
 45242 | Elf:2    | Reached skill level 10 in Dodging
 45617 | Elf:3    | Entered Level 3 of the Elven Halls
 46302 | Elf:3    | Noticed an Ice Fiend
 46620 | Elf:3    | Reached XP level 20. HP: 164/164 MP: 20/20
 46705 | Elf:3    | Received a gift from Trog
 46766 | Elf:3    | Identified the +2 morningstar of Wahezole {venom, Int+4
                  | Dex+5}
 46766 | Elf:3    | Identified the ring of Reluto {rElec rC- EV+4 Dex+5}
 47192 | Elf:3    | Identified the ring "Zeased" {rElec Dex+6 Slay+2}
 47204 | Elf:3    | Noticed a Brimstone Fiend
 47205 | Elf:3    | Cast into level 3 of the Abyss (a deep elf sorcerer)
 47421 | Abyss:3  | Noticed a bone dragon
 47437 | Abyss:3  | Killed a bone dragon
 47529 | Abyss:3  | Found a corrupted altar of Lugonu.
 47691 | Abyss:3  | Identified the +1 chain mail of Onyunk {rC+ Str+2 Int+7
                  | Dex-4}
 47698 | Elf:3    | Escaped the Abyss
 48090 | Elf:3    | Found Dociemos's Assorted Antiques.
 48094 | Elf:3    | Paralysed by an air elemental for 1 turns
 48098 | Elf:2    | Paralysed by an air elemental for 1 turns
 48102 | Elf:2    | Paralysed by an air elemental for 1 turns
 48537 | Elf:3    | Paralysed by an air elemental for 1 turns
 49218 | Elf:3    | Identified the +5 ice dragon scales "Tacekk" {rF- rC++
                  | Will++ Str+3}
 49356 | Elf:3    | Identified the +11 dagger of Peill {flame, Int+3}
 49655 | Vaults:1 | Entered Level 1 of the Vaults
 49718 | Vaults:1 | Identified the +4 glaive of Kuzeirgh {vorpal, *Rage rC+
                  | Will+ rCorr} (Trog gifted it to you on level 1 of the
                  | Vaults)
 49718 | Vaults:1 | Received a gift from Trog
 50576 | Vaults:1 | HP: 8/167 [ironbound thunderhulk/bolt of lightning (15)]
 51209 | Vaults:1 | Received a gift from Trog
 51604 | Vaults:1 | Reached skill level 15 in Dodging
 51618 | Vaults:1 | Noticed Donald
 51635 | Vaults:1 | Killed Donald
 52147 | Vaults:2 | Reached XP level 21. HP: 175/175 MP: 21/21
 52898 | Vaults:2 | Found Loymos's Jewellery Boutique.
 52995 | Vaults:2 | Identified the +9 shortbow of Temperance {freeze, rElec
                  | rPois Str+2 Dex-2}
 53165 | Vaults:2 | Found a staircase to the Crypt.
 53638 | Vaults:2 | Reached XP level 22. HP: 184/184 MP: 22/22
 54011 | Vaults:2 | Received a gift from Trog
 54853 | Vaults:3 | Reached skill level 25 in Polearms
 56051 | Vaults:4 | Noticed Aizul
 56064 | Vaults:4 | Killed Aizul
 56150 | Vaults:4 | Noticed Zenata
 56430 | Elf:3    | Bought a phial of floods for 1200 gold pieces
 56739 | Vaults:4 | Killed Zenata
 57185 | Vaults:4 | Found the +12 glaive of Prune {vorpal}
 57208 | Vaults:4 | Received a gift from Trog
 57961 | Vaults:4 | Reached XP level 23. HP: 187/196 MP: 23/23
 58404 | Vaults:4 | Received a gift from Trog
 58870 | Vaults:5 | Entered Level 5 of the Vaults
 58896 | Vaults:5 | Reached skill level 26 in Polearms
 58919 | Vaults:5 | HP: 8/191 [vault warden/+2 war axe of freezing (5)]
 58989 | Vaults:5 | HP: 14/297 [vault warden/+2 great mace of holy wrath (19)]
 58991 | Vaults:5 | HP: 2/297 [orc priest/divine providence[an orc knight]
                  | (13)]
 59347 | Vaults:5 | Identified the +5 demon blade "Faed" {spect, Str+4}
 59385 | Vaults:5 | Identified the +5 chain mail of Ciosicse {Harm *Slow rCorr
                  | Slay+6}
 59402 | Vaults:5 | Identified the +5 spear "Ponex" {spect, rF+ Int-2 Dex+3}
 59422 | Vaults:5 | Identified the +3 leather armour of Oteliag {rElec Int-3
                  | Dex+3}
 59655 | Vaults:5 | Noticed a golden dragon
 59674 | Vaults:5 | Killed a golden dragon
 59730 | Vaults:5 | Identified the +1 plate armour "Ezuq" {rPois MP-9 Int+2}
 59920 | Vaults:5 | Reached skill level 1 in Stealth
 60019 | Vaults:5 | Received a gift from Trog
 60532 | Vaults:5 | Found the +9 scales of the Dragon King {rPois rF+ rC+
                  | Will+}
 60559 | Vaults:5 | Acquired 895 gold pieces
 60623 | Vaults:5 | Identified the ring of Lauloif {Drain rCorr Str+7 Int+5}
 60826 | Vaults:5 | Identified the +8 quarterstaff of Parts Unknown {vorpal,
                  | *Rage rN+ SInv}
 60931 | Vaults:5 | Identified the ring "Vimetzy" {rElec rCorr Stlth+}
 60941 | Vaults:5 | Reached XP level 24. HP: 20/208 MP: 22/23
 60947 | Vaults:5 | HP: 8/208 [yaktaur captain/bolt (9)]
 60948 | Vaults:5 | Killed from afar by a deep elf high priest

Illustrated notes

Levels and vault maps discovered:
D:1:      eino_arrival_cavern_d, layout_basic, chequers_avenue
D:2:      layout_loops_ring, shapermc_ecumenical_altar_gd, minmay_surrounded,
          uniq_robin
D:3:      layout_loops_cross, hangedman_decor_opposing, serial_bayou_pond_b,
          uniq_sigmund, uniq_natasha, uniq_crazy_yiuf_cottage, uniq_terence
D:4:      layout_basic, temple_hall, serial_shops,
          nicolae_shop_temple_entry_statues_fountains
D:5:      layout_gridville, mainiacjoe_overflow_alcove_1,
          minmay_overflow_temple_star_quad, minmay_ruined_shrine
D:6:      layout_basic, uniq_pikel
D:7:      layout_gridville, evilmike_ruin_ashenzari, nicolae_evil_shop
D:8:      layout_gridville, lemuel_doored_altar, erik_lair_orcish_takeover,
          serial_shops, shop_statue, kennysheep_small_spiral, uniq_gastronok
D:9:      layout_basic, okawaru_ov_weapons_minmay, enter_bailey_5,
          hangedman_abyss_or_decor_passed
D:10:     layout_irregular_city, lemuel_mausoleum_altar_kikubaaqudgha,
          cheibriados_altar_1, minmay_fire_ice_demons
D:11:     layout_roguey, david_orc_2
D:12:     minmay_the_grid_octo_triangle [minmay_the_grid_octo_pinwheel,
          minmay_the_grid_octo_prize_star, minmay_the_grid_octo_concentric],
          layout_gridville
D:13:     minmay_inner_zag, layout_irregular_city
D:14:     layout_roguey, david_vaults_3, serial_corexii_hall,
          chequers_hall_statues_corner_a, corexii_hall_statues_x, uniq_rupert,
          uniq_louise, uniq_nessos
D:15:     gammafunk_depths_entry_grave, layout_loops_ring,
          nicolae_hepliaklqana_ecumenical_no_more
Lair:1:   layout_gridlike, grunt_megastairs_5, serial_bayou_shore_b,
          uniq_prince_ribbit2
Lair:2:   layout_layer_cave, minmay_shoals_entry_beasts
Lair:3:   layout_chaotic_city, dummy_spider_entry,
          portal_ice_cave_demonic_guard, uniq_nergalle
Lair:4:   layout_misc_corridors, basic_altar, chequers_serial_rivers_room_a,
          evilmike_ambush [evilmike_ambush_outer_pillars,
          evilmike_ambush_inner_basic], grunt_megastairs_2,
          infiniplex_staircase_pool_2, lemuel_fruit_tree, lemuel_fruit_fields
Lair:5:   layout_cave_pods, slime_altar_1, grunt_forest_large_clearings,
          lemuel_fruit_fields, serial_bayou_shore_b
Lair:6:   grunt_lair_end_beastmaster, layout_gridlike, gammafunk_ghost_grave
Shoals:1: layout_shoals, uniq_nikola
Shoals:2: nzn_motion_control, layout_shoals, nicolae_shoals_cliffside_cave,
          uniq_ilsuiw
Shoals:3: layout_shoals
Shoals:4: shoals_end_hangedman, layout_shoals, ebering_ghost_xom
Spider:1: layout_chambers, uniq_asterion
Spider:2: layout_spider_delve, hellmonk_motheaten_closet
Spider:3: layout_spider_delve, nicolae_spider_twisty_arc_passages
Spider:4: spider_rune_water
Orc:1:    layout_caves, gammafunk_ghost_split
Orc:2:    grunt_orc_community_town_hall, layout_diamond_mine,
          grunt_orc_community_big_house_2, grunt_orc_community_big_house_2,
          grunt_orc_community_house_2, grunt_orc_community_house_3,
          grunt_orc_community_house_1, grunt_orc_community_house_3,
          grunt_orc_community_house_2, nicolae_volcano_entry_vermiform
Elf:1:    layout_geoelf_diagonals, serial_shops, shop, minmay_elf_sorcery,
          roderic_nine_men_s_morris
Elf:2:    elven_hall_of_blades_hangedman_alternative
          [mumra_blade_entry_bloodbath], layout_geoelf_grid, serial_shops,
          shop_fountains
Elf:3:    minmay_elf_hall_hex, layout_gridlike, serial_shops, shop
Vaults:1: st_more_cells, v_rooms_4, vaults_mumra_hex, layout_vaults_omnigrid,
          uniq_donald
Vaults:2: hangedman_vaults_locks, grunt_vaults_hallway_long,
          minmay_crypt_entry_simple_walls, v_rooms_1, v_misc_23,
          nicolae_vaults_little_squares_4, v_misc_13, v_misc_17,
          ontoclasm_vaults_pinch, nicolae_vaults_ninety_degrees,
          nicolae_vaults_statue_guard, nicolae_vaults_little_squares_1,
          vaults_room_stairs_pillars, layout_vaults_omnibox, serial_shops, shop
Vaults:3: ontoclasm_vaults_bender, vaults_room_pool, ontoclasm_vaults_spin,
          grunt_vaults_trifunnel, vaults_dpeg_ring, nicolae_vaults_network_s,
          hangedman_vaults_stagger, v_misc_30, nicolae_vaults_little_squares_1,
          hangedman_vaults_slither, nicolae_vaults_angled_halls,
          vaults_room_semicircle, v_misc_22, layout_vaults_maze_snakey
Vaults:4: grunt_vaults_twisty, st_cross, nicolae_vaults_little_squares_3,
          hangedman_vaults_snaps, hangedman_vaults_stitches,
          grunt_vaults_diagonal, v_misc_4, hangedman_vaults_slice,
          ontoclasm_vaults_eye, layout_vaults_ring, uniq_aizul, uniq_zenata
Vaults:5: serial_shops, uniq_mara

Skill      XL: |  1  2  3  4  5  6  7  8  9 10 11 12 13 14 15 16 17 18 19 20 21 22 23 |
---------------+----------------------------------------------------------------------+-----
Polearms       | 5 6 7 8 10 12 14 16 19 20 22 24 25 26 | 26.7
Armour         | 2 3 4 5 6 10 12 14 16 17 19 | 19.0
Fighting       | 5 6 8 10 11 13 14 15 17 18 19 21 | 21.6
Evocations     | 4 6 9 |  9.0
Dodging        | 5 6 11 15 18 20 23 | 23.4
Throwing       | 4 8 13 16 | 16.0
Stealth        | 4 |  4.0

Action                   |  1- 3 |  4- 6 |  7- 9 | 10-12 | 13-15 | 16-18 | 19-21 | 22-24 || total
-------------------------+-------+-------+-------+-------+-------+-------+-------+-------++-------
Melee: Spear             |   132 |    81 |       |       |       |       |       |       ||   213
       Trident           |       |    74 |   396 |       |       |       |       |       ||   470
       Halberd           |       |       |    31 |       |       |       |       |       ||    31
       Glaive            |       |       |     2 |   692 |   420 |       |       |       ||  1114
       Punch             |       |       |     2 |       |       |       |       |       ||     2
       Tailslap          |       |       |       |     3 |     2 |    39 |     2 |       ||    46
       Bardiche          |       |       |       |       |   669 |  1399 |  1173 |   821 ||  4062
       Dagger            |       |       |       |       |       |    20 |     7 |       ||    27
Throw: Stone             |    30 |     1 |     4 |    21 |    16 |    31 |       |       ||   103
       Dart              |       |       |     1 |       |       |    33 |       |     1 ||    35
       Boomerang         |       |       |       |       |       |   156 |   110 |    54 ||   320
       Javelin           |       |       |       |       |       |    13 |    12 |     2 ||    27
Invok: Berserk           |     3 |     4 |     9 |     6 |     6 |    10 |    14 |     8 ||    60
       Trog's Hand       |       |     2 |     4 |     2 |     4 |     5 |    11 |     7 ||    35
       Brothers in Arms  |       |       |       |       |     3 |     4 |     6 |     6 ||    19
 Abil: Evoke Blink       |       |       |       |       |       |       |       |     3 ||     3
Evoke: Wand              |       |       |     3 |       |     1 |     4 |     3 |       ||    11
       Tin of tremorston |       |       |       |       |       |     2 |     1 |     4 ||     7
       Phial of floods   |       |       |       |       |       |       |       |     1 ||     1
  Use: Scroll            |       |       |    17 |     8 |     7 |     2 |     2 |     4 ||    40
       Potion            |       |       |     1 |       |     2 |     2 |     7 |    11 ||    23
 Stab: Sleeping          |     2 |       |       |       |       |       |       |       ||     2
       Distracted        |       |       |       |     1 |       |     4 |     5 |     1 ||    11
       Petrifying        |       |       |       |       |     3 |       |       |       ||     3
       Petrified         |       |       |       |       |     2 |       |       |       ||     2
       Paralysed         |       |       |       |       |       |     1 |     1 |       ||     2
Armor: Animal skin       |     9 |       |       |       |       |       |       |       ||     9
       Leather armour    |    13 |    12 |       |       |       |       |       |       ||    25
       Chain mail        |       |    40 |    86 |       |       |       |       |       ||   126
       Plate armour      |       |       |    91 |   117 |       |   746 |   542 |   254 ||  1750
       Crystal plate arm |       |       |       |    94 |   657 |   141 |       |       ||   892
       Pearl dragon scal |       |       |       |    93 |       |       |       |       ||    93
       Gold dragon scale |       |       |       |       |       |       |       |    49 ||    49
Dodge: Dodged            |    53 |    50 |    93 |   177 |   213 |   504 |   400 |   508 ||  1998
Block: Other             |       |       |       |    68 |    39 |       |       |       ||   107

Table legend: (Time is in decaauts)
 A = Elapsed time spent in this place.
 B = Non-inter-level travel time spent in this place.
 C = Inter-level travel time spent in this place.
 D = Time resting spent in this place.
 E = Time spent auto-exploring this place.
 F = Levels seen in this place.
 G = Mean time per level.
                   A        B        C        D        E       F      G
               +--------+--------+--------+--------+--------+-----+--------+
         Total |  58902 |  55236 |   3666 |  10426 |  34451 |  44 | 1338.7 |
       Dungeon |  17061 |  15717 |   1344 |   1659 |  11212 |  15 | 1137.4 |
          Lair |   7801 |   7372 |    429 |    254 |   5729 |   6 | 1300.2 |
        Shoals |   5344 |   5159 |    185 |    689 |   3545 |   4 | 1336.0 |
   Spider Nest |   5898 |   5570 |    328 |   1051 |   3630 |   4 | 1474.5 |
  Orcish Mines |   2804 |   2347 |    457 |    405 |   1494 |   2 | 1402.0 |
   Elven Halls |   6480 |   6123 |    357 |   2414 |   2666 |   3 | 2160.0 |
        Vaults |  10630 |  10066 |    564 |   2760 |   5545 |   5 | 2126.0 |
         Abyss |    644 |    644 |      0 |    207 |     43 |   2 |  322.0 |
        Bailey |   1478 |   1478 |      0 |    587 |    503 |   1 | 1478.0 |
      Ice Cave |    476 |    476 |      0 |    328 |      8 |   1 |  476.0 |
       Volcano |    283 |    283 |      0 |     68 |     74 |   1 |  283.0 |
               +--------+--------+--------+--------+--------+-----+--------+

Top non-repeatable levels by time:
Vaults:3: 2495 daAuts
Vaults:1: 2475 daAuts
   Elf:3: 2466 daAuts
Shoals:3: 2221 daAuts
Spider:1: 2209 daAuts
   Elf:2: 2125 daAuts
Vaults:5: 1963 daAuts
Vaults:2: 1924 daAuts
   Elf:1: 1888 daAuts
   Orc:2: 1834 daAuts
Vaults:4: 1771 daAuts
  Lair:1: 1754 daAuts
  Lair:2: 1667 daAuts
Spider:3: 1643 daAuts
  Bailey: 1478 daAuts
